Match 45791247
Unlisted

Match 45791247
End
Selects Armored Battlegroup
Engineer Squad
Engineer Squad
Selects Assault Engineers
Construct Weapon Support Center
M1919 Machine Gun Team
Bazooka Squad
Air Support Center
Bazooka Squad
M3 Armored Personnel Carrier
Improved M9 Bazooka Rockets
Forward Retreat Point
Grasshopper Recon Run
Selects Strength in Steel
M1919 Machine Gun Team
P-47 Strafing Run
Air Supply
Double Sortie
Grasshopper Recon Run
P-47 Dive Bomb
Selects Seek and Destroy
Construct Motor Pool
P-47 Dive Bomb
P-47 Strafing Run
Grasshopper Recon Run
M1 Anti-tank Gun Team
Advanced Air Reconnaissance
Improved Aircraft Armor
P-47 Dive Bomb
Grasshopper High-Altitude Recon Run
P-47 Strafing Run
P-47 Dive Bomb
P-47 Strafing Run
Construct Tank Depot
Grasshopper High-Altitude Recon Run
P-47 Dive Bomb
P-47 Strafing Run
Selects M4A3E8 Sherman Combat Group
M4A3E8 Sherman Combat Group
Grasshopper High-Altitude Recon Run
Kylen
runningDuck
오렌지플래닛
John Bigby
Honey
khj
2015044103
Haiyans
0
0

Comments sign in to comment!

No comments posted yet!